 Dungeon Crawl Stone Soup version 0.27-a0-1528-g90fbb72469 (webtiles) character file.

Game seed: 14485797482148792351

4953 Conn the Arsonist (level 10, -5/63 HPs)
             Began as an Octopode Fire Elementalist on July 11, 2021.
             Was a Believer of Sif Muna.
             Slain by an unseen horror (9 damage)
             ... on level 10 of the Dungeon.
             The game lasted 00:31:11 (11731 turns).

Conn the Arsonist (Octopode Fire Elementalist)     Turns: 11731, Time: 00:31:12

Health: -5/63      AC:  2    Str:  8    XL:     10   Next: 53%
Magic:  11/19      EV: 14    Int: 22    God:    Sif Muna [**....]
Gold:   374        SH: 10    Dex: 17    Spells: 4/21 levels left

rFire    . . .     SeeInvis .   w - +1 short sword of Xankisku {holy, rN+ Int+2 Dex+4}
rCold    + . .     Faith    +   u - +5 buckler of the Morning {Harm rElec Dex-2 Stlth-}
rNeg     + . .     Spirit   .   y - +1 hat
rPois    +         Reflect  .   a - amulet of Rafraett {Faith Will+}
rElec    +         Harm     +   r - ring of wizardry
rCorr    .         Rampage  .   (no ring)
Will     +....                  (no ring)
Stlth    +++.......             (no ring)
HPRegen  0.20/turn              (no ring)
MPRegen  0.16/turn              (no ring)
                                (no ring)
                                (no ring)

@: about to teleport, attractive, hasted, very quick
A: almost no armour, amphibious, 8 rings, camouflage 1, gelatinous body 1,
(nimble swimmer 1), tentacles, tentacle spike 1, agile 1, cold resistance 1,
poison resistance
a: Renounce Religion, Channel Magic


You were on level 10 of the Dungeon.
You worshipped Sif Muna.
Sif Muna was pleased with you.
You visited 2 branches of the dungeon, and saw 11 of its levels.

You collected 611 gold pieces.
You spent 237 gold pieces at shops.

Inventory:

Hand Weapons
 c - a +0 short sword
 d - a +2 short sword of venom
 l - a +1 hunting sling of flaming
 w - the +1 short sword of Xankisku (weapon) {holy, rN+ Int+2 Dex+4}
   (You found it on level 8 of the Dungeon)

   It has been blessed by the Shining One to cause great damage to the undead
   and demons.
   Int:       It affects your intelligence (+2).
   Dex:       It affects your dexterity (+4).
   rN:        It protects you from negative energy.
Missiles
 g - 43 poisoned darts
 j - 203 stones
 t - 3 datura-tipped darts
Armour
 u - the +5 buckler of the Morning (worn) {Harm rElec Dex-2 Stlth-}
   (You bought it in a shop on level 5 of the Dungeon)

   Dex:       It affects your dexterity (-2).
   rElec:     It insulates you from electricity.
   Harm:      It increases damage dealt and taken.
   Stlth:     It makes you less stealthy.
 y - a +1 hat (worn)
Magical Staves
 B - a staff of poison
Jewellery
 a - the amulet of Rafraett (around mantle) {Faith Will+}
   (You found it on level 8 of the Dungeon)

   [amulet of faith]

   It allows you to gain divine favour quickly.
   Will:      It increases your willpower.
 m - an amulet of magic regeneration
 r - a ring of wizardry (left tentacle)
Wands
 k - a wand of flame (98)
 A - a wand of paralysis (9)
Scrolls
 b - 4 scrolls of teleportation
 f - a scroll of magic mapping
 h - a scroll of vulnerability
 z - 2 scrolls of identify
Potions
 i - a potion of brilliance {unknown}
 n - 2 potions of mutation
 o - a potion of invisibility
 p - a potion of degeneration {unknown}
 q - a potion of curing {unknown}
 v - 2 potions of attraction
 x - a potion of flight {unknown}


   Skills:
 + Level 3.1 Fighting
 + Level 4.2 Short Blades
 + Level 3.4 Dodging
 + Level 6.4 Stealth
 * Level 2.2 Shields
 + Level 6.0 Spellcasting
 * Level 7.6 Conjurations
 + Level 1.4 Hexes
 * Level 8.1 Fire Magic
 + Level 0.2 Earth Magic
 * Level 3.0 Invocations
 + Level 1.0 Evocations


You had 4 spell levels left.
You knew the following spells:

 Your Spells              Type           Power      Damage    Failure   Level
a - Foxfire               Conj/Fire      100%       2x1d9     1%          1
b - Conjure Flame         Conj/Fire      41%        6-21      1%          3
c - Inner Flame           Hex/Fire       27%        N/A       1%          3
d - Sticky Flame          Conj/Fire      41%        2d6       1%          4
e - Fireball              Conj/Fire      20%        3d10      4%          5
f - Sandblast             Erth           14%        2d6       4%          1

Your spell library contained the following spells:

 Spells                   Type           Power      Damage    Failure   Level
 Magic Dart               Conj           100%       1d8       1%          1
 Freeze                   Ice            24%        1d5       4%          1
 Ensorcelled Hibernation  Hex/Ice        18%        N/A       4%          2
 Mephitic Cloud           Conj/Pois/Air  17%        N/A       4%          3
 Passwall                 Tmut/Erth      5%         N/A       6%          2
 Call Imp                 Summ           6%         N/A       7%          2
 Hailstorm                Conj/Ice       23%        3d7       9%          4
 Frozen Ramparts          Ice            12%        1d3       13%         3
 Spider Form              Tmut/Pois      3%         N/A       13%         3
 Ice Form                 Ice/Tmut       6%         N/A       38%         4
 Summon Ice Beast         Ice/Summ       6%         N/A       38%         4
 Summon Mana Viper        Hex/Summ       9%         N/A       63%         5
 Lee's Rapid Deconstruct  Erth           3%         3d6*      69%         5
 Shadow Creatures         Summ           N/A        N/A       99%         6
 Monstrous Menagerie      Summ           3%         N/A       100%        7


Dungeon Overview and Level Annotations

Branches:
Dungeon (10/15)            Temple (1/1) D:5
   Lair: D:8-11         Orc: D:9-12

Altars:
Ashenzari
Cheibriados
Dithmenos
Fedhas
Makhleb
Nemelex Xobeh
Okawaru
Ru
Sif Muna
Trog
Uskayaw
Vehumet
Wu Jian
Xom
Yredelemnul
Zin
The Shining One

Shops:
D:4 (   D:5 ([

Annotations:
D:1 1 runed translucent door
D:7 Joseph


Innate Abilities, Weirdness & Mutations

You cannot wear most types of armour.
You are amphibious.
You can wear up to eight rings at the same time.
Your skin changes colour to match your surroundings (Stealth+).
Your rubbery body absorbs attacks. (AC +1, EV +1)
((You are camouflaged near water. (Stealth+)))
You have tentacles for arms and can constrict up to eight enemies at once.
One of your tentacles bears a spike.
You are agile. (Dex +2)
Your flesh is cold resistant. (rC+)
Your system is resistant to poisons. (rPois)


Message History

The kobold brigand is pulled toward you!
The kobold brigand shouts!
You hit something but do no damage.
Your tentacle spike misses something.
You squeeze something.
You hear a shout!
Something hits you!
* * * LOW HITPOINT WARNING * * *
The kobold barely misses you. You block something's attack.
The kobold brigand is pulled toward you!
Casting: Sticky Flame (dangerous; 1% risk of failure)
Confirm with . or Enter, or press ? or * to list all spells.
Okay, then.
Okay, then.
As you read the scroll of teleportation, it crumbles to dust.
You feel strangely unstable. The kobold is pulled toward you!
Something hits you!
* * * LOW HITPOINT WARNING * * *
Casting: Sticky Flame (dangerous; 1% risk of failure)
Confirm with . or Enter, or press ? or * to list all spells.
Okay, then.
Unknown command.
Okay, then.
Unknown command.
Okay, then.
Okay, then.
Okay, then.
Unknown command.
Okay, then.
Okay, then.
Okay, then.
Unknown command.
Unknown command.
Okay, then.
Something hits you.
* * * LOW HITPOINT WARNING * * *
The kobold brigand throws a curare-tipped dart.
Flame seeps out of something.
Flame seeps out of something. x2; Something hits you!
You die...

####..# #..# .....#
#..# ....# #..# #..#
#..# #..####..######.
#...............
######...............
........####..######.
.......@# #..#
######..# #.<# #.○#
#..# #KK# #..#
######.K####..#
................
................
..#####.........
#..........


You could see a kobold brigand and 2 kobolds.

Vanquished Creatures
  Pikel (D:4)
  Grinder (D:3)
  4 yaks (D:9)
  A wyvern (D:8)
  2 steam dragons
  A water moccasin (D:5)
  2 ice beasts
  4 orc warriors
  2 sky beasts
  3 black bears
  3 necrophages
  An ogre (D:6)
  2 centaurs
  2 lemures (D:4)
  2 kobold brigands (D:8)
  3 bullfrogs
  2 scorpions
  2 water moccasin skeletons (D:5)
  4 killer bees (D:8)
  2 howler monkeys (D:6)
  An electric eel (D:6)
  2 centaur zombies
  5 hounds
  A jelly (D:8)
  A bullfrog zombie (D:6)
  4 orc priests
  2 iguanas
  7 orc wizards
  A hound skeleton (D:4)
  4 gnolls (D:4)
  6 adders
  3 ufetubi
  5 worms
  A dart slug (D:3)
  35 orcs
  7 ball pythons
  7 bats
  9 endoplasms
  A giant cockroach (D:1)
  4 goblins
  4 hobgoblins
  10 jackals
  19 kobolds
  A quokka (D:3)
  3 frilled lizards
  7 rats (D:1)
194 creatures vanquished.

Vanquished Creatures (collateral kills)
  A foxfire (D:6)
1 creature vanquished.

Vanquished Creatures (others)
  A black bear (D:5)
  A goblin skeleton (D:5)
  563 foxfires
  42 plants (D:6)
607 creatures vanquished.

Grand Total: 802 creatures vanquished

Notes
Turn   | Place    | Note
-------+----------+-------------------------------------------
     0 | D:1      | Conn the Octopode Fire Elementalist began the quest for the
                  | Orb.
     0 | D:1      | Reached XP level 1. HP: 11/11 MP: 3/3
     2 | D:1      | Found a runed translucent door.
   120 | D:1      | Reached XP level 2. HP: 17/17 MP: 1/5
   600 | D:1      | Reached XP level 3. HP: 21/21 MP: 3/6
  1160 | D:1      | Learned a level 3 spell: Conjure Flame
  1162 | D:1      | Learned a level 1 spell: Sandblast
  1379 | D:2      | Reached XP level 4. HP: 7/27 MP: 1/7
  1384 | D:2      | HP: 1/27 [poisoned by an adder]
  2414 | D:2      | Found a faded altar of an unknown god.
  2476 | D:2      | Learned a level 3 spell: Inner Flame
  2520 | D:3      | Noticed Grinder
  2816 | D:3      | Reached skill level 4 in Fire Magic
  2816 | D:3      | Reached XP level 5. HP: 28/31 MP: 7/9
  3082 | D:3      | Paralysed by Grinder for 3 turns
  3085 | D:3      | Killed Grinder
  3086 | D:3      | Reached XP level 6. HP: 11/37 MP: 3/11
  3500 | D:4      | Found a shimmering altar of Xom.
  3501 | D:4      | Found a shimmering altar of Xom.
  3503 | D:4      | Found a shimmering altar of Xom.
  3561 | D:4      | Reached XP level 7. HP: 30/42 MP: 9/12
  3706 | D:4      | Reached skill level 1 in Short Blades
  3722 | D:4      | Reached skill level 5 in Fire Magic
  3915 | D:4      | Noticed Pikel
  4013 | D:4      | Reached skill level 1 in Evocations
  4124 | D:4      | Learned a level 4 spell: Sticky Flame
  4184 | D:4      | Found Lingybat's Weapon Shoppe.
  4371 | D:4      | Reached skill level 1 in Fighting
  5004 | D:4      | Killed Pikel
  5005 | D:4      | Reached skill level 5 in Conjurations
  5005 | D:4      | Reached skill level 6 in Fire Magic
  5005 | D:4      | Reached XP level 8. HP: 17/48 MP: 12/14
  5309 | D:5      | Entered Level 5 of the Dungeon
  5378 | D:5      | Found Tol Cyj's Antique Armour Emporium.
  5419 | D:5      | Found Kuxy's Weapon Shoppe.
  5439 | D:5      | Reached skill level 5 in Stealth
  5452 | D:5      | Found a runed translucent door.
  5469 | D:5      | Found a basalt altar of Yredelemnul.
  5530 | D:5      | Found a sacrificial altar of Ru.
  5856 | D:5      | Reached XP level 9. HP: 17/54 MP: 13/15
  6075 | D:5      | Learned a level 5 spell: Fireball
  6329 | D:5      | Found a staircase to the Ecumenical Temple.
  6342 | Temple   | Entered the Ecumenical Temple
  6460 | Temple   | Became a worshipper of Sif Muna the Loreminder
  6568 | D:5      | Found an iron altar of Okawaru.
  6568 | D:5      | Found a bloodstained altar of Trog.
  7491 | D:6      | Gained mutation: One of your tentacles bears a spike.
                  | [potion of mutation]
  7491 | D:6      | Gained mutation: Your flesh is cold resistant. (rC+)
                  | [potion of mutation]
  7491 | D:6      | Gained mutation: Your system is resistant to poisons.
                  | (rPois) [potion of mutation]
  7491 | D:6      | Gained mutation: You are agile. (Dex +2) [potion of
                  | mutation]
  7835 | D:7      | Reached skill level 7 in Fire Magic
  7895 | D:5      | Bought a heavily runed buckler for 237 gold pieces
  7895 | D:5      | Identified the +5 buckler of the Morning {Harm rElec Dex-2
                  | Stlth-} (You bought it in a shop on level 5 of the Dungeon)
  8157 | D:7      | Reached skill level 5 in Spellcasting
  8163 | D:7      | Reached * piety under Sif Muna
  8395 | D:7      | Noticed Joseph
  9570 | D:8      | Reached skill level 1 in Hexes
  9573 | D:8      | Reached skill level 1 in Shields
  9588 | D:7      | Reached skill level 1 in Invocations
  9707 | D:8      | Reached XP level 10. HP: 62/63 MP: 17/17
 10334 | D:8      | Found a blossoming altar of Fedhas.
 10348 | D:8      | Identified the amulet of Rafraett {Faith Will+}
 10636 | D:8      | Identified the +1 short sword of Xankisku {holy, rN+ Int+2
                  | Dex+4}
 10948 | D:9      | Reached ** piety under Sif Muna
 11178 | D:9      | Reached skill level 8 in Fire Magic
 11375 | D:9      | Found a sparkling altar of Nemelex Xobeh.
 11456 | D:9      | Found a burning altar of Makhleb.
 11604 | D:9      | Found a glowing golden altar of the Shining One.
 11697 | D:10     | Entered Level 10 of the Dungeon
 11731 | D:10     | Slain by an unseen horror

Illustrated notes

Levels and vault maps discovered:
D:1:      dpeg_arrival_caged_fury, layout_basic, nrook_mini_vaults, st_stairs_5
D:2:      layout_rooms, shapermc_ecumenical_altar_totnotflames
D:3:      layout_rooms, grunt_ministairs_2, uniq_grinder
D:4:      layout_cave_pods, xom_redecorated, serial_shops,
          nicolae_take_the_stairs, uniq_pikel
D:5:      lemuel_ice_spiral_2, layout_basic, grunt_temple_overflow_bloody_war,
          dk_yredelemnul_ordeal, lemuel_coloured_pillars_altar,
          minmay_temple_entry_fiery, serial_shops, nicolae_shop_trees, shop,
          kennysheep_generic_room_10
D:6:      layout_loops_ring, serial_bayou_lagoon_a, abandoned_shop,
          hangedman_decor_growths
D:7:      layout_loops_ring, uniq_joseph
D:8:      layout_gridville, amcnicky_altar_gilded
D:9:      layout_cave_pools, tso_altar, pf_just_have_faith, kennysheep_mini
D:10:     layout_small_grid, nicolae_gozag_cash_rules_everything_around_me,
          general_overflow_altar
Temple:   minmay_temple_curvy_loop

Skill      XL: |  1  2  3  4  5  6  7  8  9 10 |
---------------+-------------------------------+-----
Stealth        | 3 4 5 6 |  6.4
Conjurations   | 2 3 5 6 7 |  7.6
Fire Magic     | 4 6 7 8 |  8.1
Spellcasting   | 3 4 5 6 |  6.0
Short Blades   | 1 2 4 |  4.2
Evocations     | 1 |  1.0
Fighting       | 1 2 3 |  3.1
Dodging        | 3 |  3.4
Hexes          | 1 |  1.4
Shields        | 1 2 |  2.2
Invocations    | 1 3 |  3.0
Earth Magic    | |  0.2

Action                   |  1- 3 |  4- 6 |  7- 9 | 10-12 || total
-------------------------+-------+-------+-------+-------++-------
Melee: Short sword       |    25 |    11 |   114 |    24 ||   174
       Constrict         |     7 |     3 |    24 |     5 ||    39
       Tentacles         |     5 |     4 |    21 |     6 ||    36
       Kick              |       |       |     3 |     9 ||    12
 Cast: Foxfire           |    39 |    96 |   100 |    81 ||   316
       Conjure Flame     |       |     4 |    11 |     1 ||    16
       Inner Flame       |       |     2 |     7 |       ||     9
       Sandblast         |       |     1 |       |       ||     1
       Fireball          |       |       |     8 |     1 ||     9
       Sticky Flame      |       |       |     2 |    12 ||    14
Evoke: Wand              |       |     7 |     1 |       ||     8
  Use: Scroll            |       |     3 |     1 |     7 ||    11
       Potion            |       |     3 |     1 |     3 ||     7
 Stab: Sleeping          |     4 |     3 |    10 |       ||    17
Armor: Skin              |     8 |     5 |     6 |     7 ||    26
Dodge: Dodged            |    29 |    25 |    92 |    39 ||   185
Block: Buckler           |       |       |     6 |    26 ||    32

Table legend: (Time is in decaauts)
 A = Elapsed time spent in this place.
 B = Non-inter-level travel time spent in this place.
 C = Inter-level travel time spent in this place.
 D = Time resting spent in this place.
 E = Time spent auto-exploring this place.
 F = Levels seen in this place.
 G = Mean time per level.
                   A        B        C        D        E       F      G
               +--------+--------+--------+--------+--------+-----+--------+
         Total |  11699 |  11298 |    401 |   1604 |   6877 |  11 | 1063.5 |
       Dungeon |  11519 |  11180 |    339 |   1604 |   6764 |  10 | 1151.9 |
        Temple |    180 |    118 |     62 |      0 |    113 |   1 |  180.0 |
               +--------+--------+--------+--------+--------+-----+--------+

Top non-repeatable levels by time:
     D:6: 1944 daAuts
     D:4: 1778 daAuts
     D:1: 1255 daAuts
     D:2: 1250 daAuts
     D:5: 1162 daAuts
     D:8: 1108 daAuts
     D:7: 1091 daAuts
     D:3: 995 daAuts
     D:9: 899 daAuts
  Temple: 180 daAuts
    D:10: 31 daAuts
